 Dungeon Crawl Stone Soup version 0.30.1 (webtiles) character file.

Game seed: 1662684110878612533

18 booth the Digger (level 2, -1/20 HPs)
             Began as a Draconian Earth Elementalist on July 7, 2023.
             Slain by a worm (7 damage)
             ... on level 2 of the Dungeon.
             The game lasted 00:07:49 (893 turns).

booth the Digger (Draconian Earth Elementalist)      Turns: 893, Time: 00:07:49

Health: -1/20      AC:  4    Str: 16    XL:     2   Next: 48%
Magic:  0/5        EV: 12    Int: 15    God:
Gold:   54         SH:  0    Dex: 13    Spells: 2/5 levels left

rFire   . . .        d - +0 dagger
rCold   . . .        (no shield)
rNeg    . . .        (body armour unavailable)
rPois   +            (helmet restricted)
rElec   .            (no cloak)
rCorr   .            (no gloves)
SInv    .            (no boots)
Will    .....        (no amulet)
Stlth   +++          l - +6 ring of strength
HPRegen 0.23/turn    (no ring)
MPRegen 0.09/turn

%: no passive effects
@: no status effects
A: AC +4, unfitting armour, cold-blooded, thin skeletal structure 1, poison
resistance
a: no special abilities


You were on level 2 of the Dungeon.
You visited 1 branch of the dungeon, and saw 2 of its levels.

You collected 54 gold pieces.

Inventory:

Hand Weapons
 d - a +0 dagger (weapon)
Missiles
 f - 2 poisoned darts
Jewellery
 l - a +6 ring of strength (left hand)
 m - a ring of fire
Scrolls
 b - a scroll of teleportation
 e - a scroll of blinking {unknown}
 g - a scroll of amnesia {unknown}
Potions
 a - 2 potions of magic
 h - a potion of curing
 i - a potion of flight {unknown}
 j - a potion of brilliance {unknown}
 k - 2 potions of berserk rage {unknown}


   Skills:
 + Level 2.0 Dodging
 + Level 2.0 Stealth
 + Level 2.2 Spellcasting
 + Level 1.4 Transmutations
 + Level 3.1 Earth Magic


You had 2 spell levels left.
You knew the following spells:

 Your Spells              Type           Power      Damage    Failure   Level
a - Sandblast             Erth           22%        2d7       6%          1
b - Passwall              Tmut/Erth      6%         N/A       13%         2

Your spell library contained the following spells:

 Spells                   Type           Power      Damage    Failure   Level
 Stone Arrow              Conj/Erth      12%        3d7       34%         3
 Gell's Gravitas          Tloc           1%         N/A       54%         3
 Teleport Other           Tloc           1%         N/A       54%         3
 Petrify                  Tmut/Erth      8%         N/A       63%         4
 Dispersal                Tloc           0%         N/A       100%        6


Dungeon Overview and Level Annotations

Branches:
Dungeon (2/15)

Altars:


Innate Abilities, Weirdness & Mutations

Your plain brown scales are hard. (AC +4)
You cannot fit into any form of body armour.
You are cold-blooded and may be slowed by cold attacks.
You have a somewhat thin skeletal structure. (Dex +2, Stealth+)
Your system is resistant to poisons. (rPois)


Message History

The blast of sand hits the worm.
The worm is lightly wounded.
Casting: Sandblast (safe; 6% risk of failure)
Confirm with . or Enter, or press ? or * to list all spells.
Aiming: Sandblast (safe; 6% risk of failure)
Press: ? - help, Shift-Dir - straight line, f/p - worm
Aim: a worm (lightly wounded, 94% to hit)
The blast of sand hits the worm.
The worm is lightly wounded.
Casting: Sandblast (safe; 6% risk of failure)
Confirm with . or Enter, or press ? or * to list all spells.
Aiming: Sandblast (safe; 6% risk of failure)
Press: ? - help, Shift-Dir - straight line, f/p - worm
Aim: a worm (lightly wounded, 94% to hit)
The blast of sand hits the worm.
The worm is moderately wounded.
Casting: Sandblast (safe; 6% risk of failure)
Confirm with . or Enter, or press ? or * to list all spells.
Aiming: Sandblast (safe; 6% risk of failure)
Press: ? - help, Shift-Dir - straight line, f/p - worm
Aim: a worm (moderately wounded, 94% to hit)
The blast of sand hits the worm.
The worm is heavily wounded.
The worm barely misses you.
Casting: Sandblast (safe; 6% risk of failure)
Confirm with . or Enter, or press ? or * to list all spells.
Aiming: Sandblast (safe; 6% risk of failure)
Press: ? - help, Shift-Dir - straight line, f/p - worm
Aim: a worm (heavily wounded, 94% to hit)
The blast of sand hits the worm!
The worm is almost dead.
The worm bites you! The worm bites you.
* * * LOW HITPOINT WARNING * * *
You hit the worm.
The worm is severely wounded.
You hit the worm.
The worm is almost dead.
The worm bites you!
You die...

#. #..... #.# #.##..
. #.# #.##.###### .
#.###.##.##..b .#
#.<..##.##.# .# #
#.#.........###.##.#
#.
#.#.##...........##
#.
#.#>...............
#
#.#######.w@.....#.
#.# #.#####.... ...
...# ..# ### ##### #


You could see a worm.

Vanquished Creatures
  2 dart slugs (D:1)
  A bat (D:1)
  A giant cockroach (D:1)
  2 hobgoblins
  A kobold (D:1)
  2 quokkas (D:1)
  A ball python (D:1)
  A frilled lizard (D:1)
  2 rats (D:1)
13 creatures vanquished.

Notes
Turn   | Place    | Note
-------+----------+-------------------------------------------
     0 | D:1      | booth the Draconian Earth Elementalist began the quest for
                  | the Orb.
     0 | D:1      | Reached XP level 1. HP: 14/14 MP: 3/3
   373 | D:1      | Reached XP level 2. HP: 20/20 MP: 3/5
   376 | D:1      | Learned a level 2 spell: Passwall
   560 | D:1      | You fall into a shaft and drop 1 floor!
   846 | D:1      | Gained mutation: You have a somewhat thin skeletal
                  | structure. (Dex +2, Stealth+) [potion of mutation]
   846 | D:1      | Gained mutation: Your system is resistant to poisons.
                  | (rPois) [potion of mutation]
   893 | D:2      | Slain by a worm

Illustrated notes

Levels and vault maps discovered:
D:1:      matt_arrival_refuge, layout_basic
D:2:      layout_loops_ring, basic_altar, uniq_natasha, uniq_crazy_yiuf_cottage,
          uniq_robin

Skill      XL: |  1  2 |
---------------+-------+-----
Stealth        | 2 |  2.0
Dodging        | 2 |  2.0
Spellcasting   | |  2.2
Transmutations | |  1.4
Earth Magic    | |  3.1

Action                     || total
---------------------------++-------
  Melee: Dagger            ||    11
         Tailslap          ||     2
   Cast: Sandblast         ||    18
    Use: Scroll            ||     2
         Potion            ||     1
 Armour: Skin              ||     2
  Dodge: Dodged            ||     7
